Map: New Gettysburg LE

Players

Fropez - Winner!

  • Race: Protoss Protoss
  • League: Gold
  • Spawn Location: 5:00

wakeskate

  • Race: Protoss Protoss
  • League: Gold
  • Spawn Location: 7:00

VOD

Have the link to the VOD?

Description

Time

  • Played on: Nov. 10, 2016, 6:03 p.m.
  • Length: 8:24
Show
View Real Time Build Order
Export as new Build Order

Fropez Protoss - Winner!

Build Orders:  

Get SALT Encoding   

  12  0:01  Probe (Chrono Boost)  
  13  0:11  Probe (Chrono Boost)  
  14  0:20  Pylon  
  14  0:23  Probe (Chrono Boost)  
  15  0:40  Probe (Chrono Boost), Gateway  
  16  0:47  Assimilator  
  16  0:51  Probe (Chrono Boost)  
  17  1:00  Gateway  
  17  1:01  Probe (Chrono Boost)  
  18  1:12  Probe (Chrono Boost)  
  19  1:22  Probe (Chrono Boost)  
  20  1:29  Cybernetics Core  
  20  1:33  Probe (Chrono Boost)  
  20  1:35  Pylon  
  20  1:39  Pylon  
  21  1:43  Probe (Chrono Boost)  
  21  1:44  Assimilator  
  23  1:54  Probe (Chrono Boost)  
  23  2:06  Twilight Council  
  24  2:08  Probe (Chrono Boost)  
  24  2:12  Adept  
  24  2:14  Adept  
  28  2:23  Warp Gate (Chrono Boost)  
  28  2:24  Probe (Chrono Boost)  
  29  2:36  Probe  
  30  2:46  Resonating Glaives (Chrono Boost)  
  30  2:47  Pylon  
  30  2:50  Pylon  
  30  3:10  Mothership Core  
  31  3:40  Adept x2  
  31  3:44  Gateway  
  31  3:45  Gateway  
  31  3:54  Pylon  
  31  3:58  Probe  
  31  4:01  Forge  
  32  4:11  Nexus  
  32  4:14  Probe  
  33  4:23  Adept x2  
  37  4:28  Probe  
  38  4:34  Protoss Ground Weapons Level 1 (Chrono Boost)  
  34  5:34  Adept x4  
  38  5:38  Probe  
  38  5:39  Probe  
  40  5:55  Assimilator  
  40  5:59  Gateway  
  40  6:01  Adept x3  
  42  6:45  Adept  
  42  6:46  Adept x3  
  50  6:50  Assimilator  
  48  6:56  Gateway  
  48  6:57  Robotics Facility  
  48  7:00  Robotics Facility  
  46  7:02  Pylon  
  46  7:03  Probe  
  46  7:04  Probe  
  48  7:16  Adept x3  
  48  7:17  Adept x2  
  56  7:45  Stalker x5  
  56  7:48  Immortal (Chrono Boost)  
Show
View Real Time Build Order
Export as new Build Order

wakeskate Protoss 

Build Orders: Nexus First 

Get SALT Encoding   

  12  0:01  Probe (Chrono Boost)  
  13  0:12  Probe (Chrono Boost)  
  14  0:18  Pylon  
  14  0:23  Probe (Chrono Boost)  
  15  0:36  Probe (Chrono Boost)  
  16  0:57  Nexus  
  16  1:08  Gateway  
  16  1:09  Probe (Chrono Boost)  
  17  1:20  Probe (Chrono Boost)  
  18  1:31  Probe (Chrono Boost)  
  19  1:34  Assimilator  
  19  1:37  Forge  
  19  1:50  Probe (Chrono Boost)  
  19  1:52  Pylon  
  20  1:57  Cybernetics Core  
  20  2:00  Probe (Chrono Boost)  
  21  2:13  Probe (Chrono Boost)  
  21  2:14  Probe (Chrono Boost)  
  23  2:20  Photon Cannon  
  23  2:25  Probe (Chrono Boost)  
  23  2:27  Photon Cannon  
  24  2:33  Probe (Chrono Boost)  
  24  2:35  Probe (Chrono Boost)  
  26  2:40  Stalker  
  27  2:48  Pylon  
  27  2:52  Warp Gate (Chrono Boost)  
  27  2:53  Probe (Chrono Boost)  
  28  3:04  Gateway  
  28  3:06  Probe, Assimilator  
  29  3:18  Probe  
  30  3:29  Probe  
  30  3:34  Probe  
  28  3:39  Probe  
  27  3:45  Stalker  
  27  3:46  Probe  
  27  3:48  Protoss Ground Weapons Level 1 (Chrono Boost)  
  30  3:50  Probe  
  31  3:57  Pylon  
  31  3:58  Probe  
  31  4:00  Probe  
  33  4:03  Stalker  
  35  4:11  Probe  
  35  4:15  Stalker  
  35  4:16  Assimilator  
  38  4:20  Probe  
  38  4:21  Probe  
  40  4:30  Pylon  
  40  4:32  Probe x2  
  40  4:36  Stalker  
  44  4:42  Probe  
  45  4:53  Probe x2  
  46  5:05  Probe  
  47  5:21  Probe  
  38  5:33  Probe  
  35  5:38  Probe  
  36  5:44  Assimilator  
  36  5:45  Stalker x2  
  36  5:46  Nexus  
  36  5:48  Probe x2 (Chrono Boost)  
  41  5:53  Gateway  
  41  5:56  Gateway  
  42  5:58  Gateway  
  42  6:00  Probe (Chrono Boost), Protoss Ground Armor Level 1  
  43  6:07  Photon Cannon  
  43  6:11  Probe (Chrono Boost)  
  43  6:12  Probe (Chrono Boost)  
  35  6:35  Probe (Chrono Boost)  
  27  6:45  Probe (Chrono Boost)  
  23  6:47  Stalker  
  23  6:48  Stalker  
  25  6:56  Probe (Chrono Boost)  
  25  6:59  Probe (Chrono Boost)  
  27  7:02  Photon Cannon  
  27  7:07  Probe (Chrono Boost)  
  28  7:10  Probe (Chrono Boost)  
  20  7:32  Probe (Chrono Boost)  
  20  7:34  Probe (Chrono Boost)  
  22  7:43  Probe (Chrono Boost)  
Tags
 
League
GoldGold
Matchup
PvP
Replay Pack
All Mines
Spawn Locations
Close Positions
Add a new tag
Caveats
  • Supply blocks, unpowered buildings, or Contaminate may cause inaccurate times.
  • Supply counts are checked every 10 seconds.